 Dungeon Crawl Stone Soup version 0.24.0-2-g5b39cebb1c (webtiles) character file.

Game seed: 16091247843308391700, levelgen mode: deterministic

339 Alarkh the Ruffian (level 6, -2/47 HPs)
             Began as a Demonspawn Fighter on Oct 29, 2019.
             Shot with an arrow by a centaur (8 damage)
             ... on level 6 of the Dungeon.
             The game lasted 00:03:42 (2623 turns).

Alarkh the Ruffian (Demonspawn Fighter)             Turns: 2623, Time: 00:03:43

Health: -2/47      AC:  8    Str: 14 (16) XL:     6   Next: 29%
Magic:  6/6        EV:  6    Int: 10 (11) God:
Gold:   53         SH:  8    Dex: 10 (13) Spells: 5/5 levels left

rFire    . . .     SeeInvis .     - Unarmed
rCold    . . .     Gourm    .   b - +0 shield
rNeg     . . .     Faith    .   a - +0 scale mail
rPois    .         Spirit   .   (helmet restricted)
rElec    .         Reflect  .   (no cloak)
rCorr    .         Harm     .   (no gloves)
MR       .....                  (no boots)
Stlth    ..........             (no amulet)
HPRegen  2.15/turn              (no ring)
MPRegen  0.10/turn              (no ring)

@: flying
A: horns 2, icy blue scales 1, powered by death 2
a: no special abilities


You were on level 6 of the Dungeon.
You were very hungry.

You visited 1 branch of the dungeon, and saw 4 of its levels.

You collected 53 gold pieces.

Inventory:

Armour
 a - a +0 scale mail (worn)
 b - a +0 shield (worn)
Jewellery
 g - a +3 ring of dexterity {unknown}
Wands
 s - a wand of iceblast (5)
Scrolls
 e - 2 scrolls of remove curse {unknown}
 f - 3 scrolls of teleportation {unknown}
 h - a scroll of blinking {unknown}
 k - 3 scrolls of identify {unknown}
 l - a scroll of magic mapping {unknown}
 o - a scroll of enchant armour {unknown}
 q - a scroll of enchant weapon {unknown}
 r - a scroll of fear {unknown}
Potions
 m - 3 potions of curing
Comestibles
 d - 4 rations


   Skills:
 - Level 3.0 Fighting
 - Level 2.6 Armour
 - Level 2.6 Shields
 + Level 6.1 Unarmed Combat


You had 5 spell levels left.
You didn't know any spells.
Your spell library was empty.

Dungeon Overview and Level Annotations

Branches:
Dungeon (3/15)

Altars:
Dithmenos
Nemelex Xobeh


Innate Abilities, Weirdness & Mutations

You have a pair of horns on your head.
You are partially covered in icy blue scales. (AC +2)
You regenerate health from kills.


Message History

The gnoll barely misses you.
You barely miss the gnoll.
The gnoll is lightly wounded.
The gnoll hits you.
* * * LOW HITPOINT WARNING * * *
You closely miss the gnoll.
The gnoll is lightly wounded.
The gnoll barely misses you.
You hit the gnoll.
The gnoll is moderately wounded.
You block the gnoll's attack.
You hit the gnoll.
The gnoll is severely wounded.
The gnoll barely misses you.
You hit the gnoll.
You kill the gnoll!
The centaur shoots an arrow.
The arrow hits you!
* * * LOW HITPOINT WARNING * * *
The centaur shoots an arrow.
The arrow hits you!
You die...

.?....................####.......
..........)......................
##########c.##.##.##.###.#..#...#
#..##.##.##............#
#########g###.##.######.##.#...#
#.......g.###.##.###.....).....#
#####.###.......................
#g############.............#
######......ggc.@...........#...#
.......############.#..#.........
######.# #.#..#.....†..# #.#
#.#..#.##.#...# #.#
#.#..#........# #.#
#.#..#.##.#...# #.#
#.#..####...... #.#
#.#..####.#..## #.#
#.#............


You could see a centaur and 2 gnolls.

Vanquished Creatures
  An ogre (D:6)
  Jessica (D:2)
  2 orc wizards (D:3)
  A worker ant (D:6)
  3 gnolls (D:6)
  3 adders (D:3)
  An ooze (D:3)
  An adder zombie (D:6)
  An adder skeleton (D:6)
  2 worms
  2 dart slugs
  8 orcs (D:3)
  A ball python (D:1)
  6 bats
  4 giant cockroaches
  12 hobgoblins
  7 kobolds
  A quokka (D:2)
  7 frilled lizards
  4 goblins
  9 rats
77 creatures vanquished.

Notes
Turn   | Place    | Note
-------+----------+-------------------------------------------
     0 | D:1      | Alarkh the Demonspawn Fighter began the quest for the Orb.
     0 | D:1      | Reached XP level 1. HP: 18/18 MP: 1/1
    59 | D:1      | Reached skill level 2 in Unarmed Combat
   243 | D:1      | Gained mutation: You regenerate a little health from kills.
                  | [demonic ancestry]
   243 | D:1      | Reached XP level 2. HP: 15/24 MP: 2/2
   588 | D:1      | Reached skill level 3 in Unarmed Combat
   969 | D:2      | Gained mutation: You are partially covered in icy blue
                  | scales. (AC +2) [demonic ancestry]
   969 | D:2      | Reached XP level 3. HP: 29/29 MP: 3/3
  1161 | D:2      | Found a sparkling altar of Nemelex Xobeh.
  1565 | D:2      | Noticed Jessica
  1581 | D:2      | Killed Jessica
  1793 | D:2      | Reached skill level 4 in Unarmed Combat
  1793 | D:2      | Gained mutation: You regenerate health from kills. [demonic
                  | ancestry]
  1793 | D:2      | Reached XP level 4. HP: 30/35 MP: 4/4
  1978 | D:3      | Gained mutation: You have a pair of small horns on your
                  | head. [demonic ancestry]
  1978 | D:3      | Reached XP level 5. HP: 40/41 MP: 5/5
  2039 | D:3      | Reached skill level 5 in Unarmed Combat
  2069 | D:3      | Found a shadowy altar of Dithmenos.
  2229 | D:3      | You fall into a shaft and drop 3 floors!
  2235 | D:6      | Noticed an ogre
  2242 | D:6      | Killed an ogre
  2242 | D:6      | Gained mutation: You have a pair of horns on your head.
                  | [demonic ancestry]
  2242 | D:6      | Reached XP level 6. HP: 31/47 MP: 6/6
  2252 | D:6      | Reached skill level 6 in Unarmed Combat
  2623 | D:6      | Shot with an arrow by a centaur

Levels and vault maps discovered:
D:1:      mrwooster_arrival_arrow, layout_loops_cross, minmay_misc_feat_iff
D:2:      layout_basic, nemelex_xobeh_ov_fountains_minmay, first_ration,
          uniq_jessica
D:3:      layout_rooms, nicolae_overflow_hidden_temple, minmay_divided_ellipse
D:6:      layout_basic

Skill      XL: |  1  2  3  4  5  6 |
---------------+-------------------+-----
Unarmed Combat | 2 3 4 5 6 |  6.1
Fighting       | |  3.0
Armour         | |  2.6
Shields        | |  2.6

Action                   |  1- 3 |  4- 6 || total
-------------------------+-------+-------++-------
Melee: Unarmed           |   207 |   177 ||   384
       Headbutt          |       |    11 ||    11
  Use: Potion            |       |     6 ||     6
  Eat: Chunk             |     2 |     3 ||     5
Armor: Scale mail        |    71 |    87 ||   158
Dodge: Dodged            |    39 |    37 ||    76
Block: Shield            |    75 |    69 ||   144
